 Dungeon Crawl Stone Soup version 0.19-a0-1268-g6c5d9f8 (webtiles) character file.

550 TheGoonsmith the Slicer (level 7, 0/44 HPs)
             Began as a Kobold Berserker on Aug 29, 2016.
             Was a Priest of Trog.
             Slain by a gnoll sergeant
             ... wielding a +0 spear of piercing
              (4 damage)
             ... on level 5 of the Dungeon.
             The game lasted 00:14:50 (3600 turns).

TheGoonsmith the Slicer (Kobold Berserker)          Turns: 3600, Time: 00:14:52

Health: 0/44       AC:  5    Str: 16    XL:     7   Next: 54%
Magic:  7/7        EV: 16    Int:  5    God:    Trog [***...]
Gold:   93         SH:  0    Dex: 17    Spells: 0 memorised, 6 levels left

rFire  . . .     SeeInvis .     a - +2 dagger (freeze)
rCold  . . .     Gourm    .     u - +0 ring mail
rNeg   . . .     Faith    .     (shield restricted)
rPois  .         Spirit   .     (no helmet)
rElec  .         Dismiss  .     (no cloak)
rCorr  .         Reflect  .     (no gloves)
MR     .....     Harm     .     (no boots)
Stlth  +.........               (no amulet)
                                (no ring)
                                (no ring)

@: exhausted
A: carnivore 3
a: Berserk, Trog's Hand, Burn Spellbooks, Renounce Religion


You were on level 5 of the Dungeon.
You worshipped Trog.
Trog was most pleased with you.
You were not hungry.

You visited 1 branch of the dungeon, and saw 5 of its levels.

You collected 219 gold pieces.
You spent 126 gold pieces at shops.

Inventory:

Hand Weapons
 a - a +2 dagger of freezing (weapon)
 b - a +0 hunting sling
 h - a +0 short sword
Missiles
 j - 37 poisoned needles
 k - 23 bolts
 o - 28 sling bullets
 p - 128 stones (quivered)
 y - a throwing net
Armour
 f - a +0 helmet
 l - a +0 robe
 q - a +0 animal skin
 u - a +0 ring mail (worn)
Scrolls
 r - 2 scrolls of identify
 s - a scroll of fear
Potions
 d - 2 potions of lignification
 e - 2 potions of curing
 m - a potion of invisibility
 n - a potion of cure mutation
 t - a potion of mutation
 v - a potion of degeneration
 w - a potion of might
 x - a potion of agility
Comestibles
 c - 3 meat rations
 g - a royal jelly
 i - a beef jerky


   Skills:
 + Level 5.4 Fighting
 * Level 8.0 Short Blades
 - Level 1.5 Armour
 + Level 4.8 Dodging


You had 6 spell levels left.
You didn't know any spells.

Dungeon Overview and Level Annotations

Branches:
Dungeon (5/15)             Temple (0/1) D:4

Altars:
Qazlal
Vehumet

Shops:
D:4 !


Innate Abilities, Weirdness & Mutations

You are small and have problems with some larger weapons.
You are carnivorous and can eat meat at any time.


Message History

The gnoll sergeant is severely wounded.
The gnoll sergeant hits you with a spear of piercing!
* * * LOW HITPOINT WARNING * * *
You are too injured to fight recklessly!
The gnoll sergeant misses you.
The gnoll sergeant hits you but does no damage.
Things that are here:
a throwing net; a halberd; a gnoll corpse The gnoll sergeant closely misses you.
You see here 3 gold pieces.
The gnoll sergeant hits you from afar with a spear of piercing.
* * * LOW HITPOINT WARNING * * *
x2 The gnoll sergeant hits you from afar with a spear of piercing.
* * * LOW HITPOINT WARNING * * *
x2 You feel better.
You feel yourself speed up.
The gnoll sergeant hits you from afar with a spear of piercing!
* * * LOW HITPOINT WARNING * * *
x2 The gnoll sergeant hits you from afar with a spear of piercing.
You die...

.. .... #.#.<.
#.####.# #.###
#hh)..(# # ######(#
# #h# # #h# # #.# #
#g##################
#..@...........†....
####################


You could see a gnoll sergeant.

Vanquished Creatures
  A phantom (D:4)
  A crimson imp (D:4)
  2 orc wizards (D:4)
  Ijyb (D:3)
  2 worker ants (D:5)
  Robin (D:3)
  6 gnolls (D:5)
  9 adders
  2 oozes (D:1)
  An adder skeleton (D:4)
  3 worms
  2 giant geckos
  14 orcs
  A ball python (D:2)
  7 giant cockroaches
  17 goblins
  16 hobgoblins
  2 jackals (D:2)
  9 kobolds
  A quokka (D:4)
  6 bats
  A giant gecko skeleton (D:4)
  3 giant newts
  13 rats
121 creatures vanquished.

Notes
Turn   | Place    | Note
-------+----------+-------------------------------------------
     0 | D:1      | TheGoonsmith the Kobold Berserker began the quest for the Orb.
     0 | D:1      | Reached XP level 1. HP: 14/14 MP: 1/1
    22 | D:1      | Reached XP level 2. HP: 13/19 MP: 2/2
   308 | D:1      | Reached XP level 3. HP: 21/23 MP: 3/3
   320 | D:1      | Reached skill level 5 in Short Blades
   462 | D:1      | Reached ** piety under Trog
   922 | D:2      | Reached XP level 4. HP: 28/29 MP: 4/4
  1401 | D:2      | Found a radiant altar of Vehumet.
  1628 | D:3      | Reached XP level 5. HP: 26/33 MP: 5/5
  1684 | D:3      | Reached skill level 6 in Short Blades
  1864 | D:3      | Noticed Robin
  1877 | D:3      | Killed Robin
  1891 | D:3      | Reached *** piety under Trog
  2221 | D:3      | Noticed Ijyb
  2230 | D:3      | Killed Ijyb
  2378 | D:3      | Reached XP level 6. HP: 33/39 MP: 6/6
  2706 | D:4      | Found a stormy altar of Qazlal.
  3076 | D:4      | Found a staircase to the Ecumenical Temple.
  3157 | D:4      | Found Duqaxeck's Distillery.
  3158 | D:4      | Noticed a phantom
  3195 | D:4      | Reached skill level 5 in Fighting
  3195 | D:4      | Reached skill level 7 in Short Blades
  3214 | D:4      | Killed a phantom
  3214 | D:4      | Reached XP level 7. HP: 34/44 MP: 7/7
  3232 | D:4      | Bought a potion of mutation for 27 gold pieces
  3232 | D:4      | Bought a potion of degeneration for 11 gold pieces
  3232 | D:4      | Bought a potion of might for 44 gold pieces
  3232 | D:4      | Bought a potion of agility for 44 gold pieces
  3314 | D:5      | Entered Level 5 of the Dungeon
  3561 | D:5      | Reached skill level 8 in Short Blades
  3600 | D:5      | Slain by a gnoll sergeant

Vault maps used:
D:1:      lightli_arrival_boilingwater
D:2:      lemuel_coloured_pillars_altar
D:3:      uniq_robin, uniq_iyjb
D:4:      grunt_qazlal_clouds, serial_shops, nicolae_shop_stone, kennysheep_nub,
          serial_bayou_pond_e, minmay_misc_feat_hallway
D:5:      makhleb_grotto_becter, nicolae_overflow_crystal_walls, first_bread,
          minmay_holes, minmay_misc_feat_more_columns

Skill      XL: |  1  2  3  4  5  6  7 |
---------------+----------------------+-----
Short Blades   | 5 6 7 8 |  8.0
Fighting       | 4 5 |  5.4
Dodging        | 3 4 |  4.8
Armour         | |  1.5

Action                   |  1- 3 |  4- 6 |  7- 9 || total
-------------------------+-------+-------+-------++-------
Melee: Short sword       |    68 |       |       ||    68
       Dagger            |    25 |   267 |    60 ||   352
 Fire: Hunting sling     |       |    18 |       ||    18
Throw: Stone             |       |     2 |       ||     2
Invok: Berserk           |     3 |     4 |     2 ||     9
       Trog's Hand       |       |     3 |       ||     3
  Use: Scroll            |       |     9 |       ||     9
       Potion            |       |       |     1 ||     1
 Stab: Sleeping          |     2 |       |       ||     2
       Distracted        |       |     1 |       ||     1
  Eat: Chunk             |     9 |    13 |     1 ||    23
Armor: Animal skin       |    14 |       |       ||    14
       Robe              |       |    16 |       ||    16
       Ring mail         |       |    10 |     5 ||    15
Dodge: Dodged            |    57 |   152 |    43 ||   252
